 Dungeon Crawl Stone Soup version 0.19.3-4-gbf9329e (webtiles) character file.

42499 Naow the Eclecticist (level 13, -3/85 HPs)
             Began as a Deep Elf Conjurer on Jan 28, 2017.
             Was a High Priest of Vehumet.
             Slain by a six-headed hydra (7 damage)
             ... on level 6 of the Lair of Beasts.
             The game lasted 01:05:44 (25849 turns).

Naow the Eclecticist (Deep Elf Conjurer)           Turns: 25849, Time: 01:05:45

Health: -3/85      AC: 14    Str:  5    XL:     13   Next: 85%
Magic:  3/34       EV: 17    Int: 29    God:    Vehumet [*****.]
Gold:   992        SH:  3    Dex: 15    Spells: 8 memorised, 14 levels left

rFire  . . .     SeeInvis .     M - +2 short sword (venom)
rCold  . . .     Gourm    .     w - +3 leather armour
rNeg   . . .     Faith    .     (no shield)
rPois  .         Spirit   .     a - +2 hat {Int+3}
rElec  .         Reflect  +     h - +1 cloak
rCorr  +         Harm     .     i - +1 pair of gloves
MR     ++...                    (no boots)
Stlth  ++........               Q - +3 amulet of reflection
                                v - ring of protection from magic
                                o - ring of resist corrosion

@: very slightly contaminated, hasted, very quick
A: no striking features
a: Renounce Religion


You were on level 6 of the Lair of Beasts.
You worshipped Vehumet.
Vehumet was extremely pleased with you.
You were not hungry.

You visited 2 branches of the dungeon, and saw 17 of its levels.
You also visited: Bailey.

You collected 992 gold pieces.

Inventory:

Hand Weapons
 M - a +2 short sword of venom (weapon)
Armour
 a - a +2 hat of intelligence (worn)
 h - a +1 cloak (worn)
 i - a +1 pair of gloves (worn)
 w - a +3 leather armour (worn)
 S - a +0 ring mail of poison resistance
 V - a +2 scale mail of magic resistance
Jewellery
 j - an uncursed ring of flight
 o - a ring of resist corrosion (left hand)
 s - an uncursed ring of fire
 v - a ring of protection from magic (right hand)
 I - an uncursed amulet of the gourmand
 L - an uncursed ring of magical power {unknown}
 Q - a +3 amulet of reflection (around neck)
Wands
 t - a wand of disintegration (9/24)
 x - a wand of hasting (7/9)
Scrolls
 d - 2 scrolls of remove curse
 l - a scroll of blinking
 m - 3 scrolls of enchant armour
 p - a scroll of fear
 u - 9 scrolls of identify
 B - a scroll of enchant weapon
 N - 3 scrolls of fog
 O - 2 scrolls of recharging
 P - a scroll of magic mapping
 U - 2 scrolls of silence
Potions
 e - a potion of experience {unknown}
 f - a potion of haste {unknown}
 g - 2 potions of flight
 k - 5 potions of heal wounds
 n - 2 potions of mutation {unknown}
 q - 4 potions of ambrosia
 r - a potion of resistance {unknown}
 z - 3 potions of agility
 D - 3 potions of might
 J - 7 potions of curing
 R - a potion of brilliance {unknown}
Books
 b - a book of Conjurations

   Spells                             Type                      Level
   a - Magic Dart                     Conjuration                  1
   b - Searing Ray                    Conjuration                  2
   c - Dazzling Spray                 Conjuration/Hexes            3
   d - Fulminant Prism                Conjuration/Hexes            4
   e - Iskenderun's Mystic Blast      Conjuration                  4
   f - Iskenderun's Battlesphere      Conjuration/Charms           5
 y - Jessica's Papyrus of Execration
   (You found it on level 2 of the Dungeon)

   Spells                             Type                      Level
   a - Confusing Touch                Hexes                        1
   b - Corona                         Hexes                        1
 Y - a book of Enchantments

   Spells                             Type                      Level
   a - Cause Fear                     Hexes                        4
   b - Yara's Violent Unravelling     Hexes/Transmutation          5
   c - Silence                        Hexes/Air                    5
   d - Deflect Missiles               Charms/Air                   6
   e - Discord                        Hexes                        8
 Z - the Compendium of Boosts and the Birds
   (You found it on level 5 of the Lair of Beasts)

   Spells                             Type                      Level
   a - Song of Slaying                Charms                       2
   b - Static Discharge               Conjuration/Air              3
   c - Excruciating Wounds            Charms/Necromancy            5
Miscellaneous
 X - a crystal ball of energy
Comestibles
 c - 12 bread rations
 A - 11 slices of pizza
 C - 2 chunks of flesh
 E - 18 royal jellies
 F - 10 meat rations
 K - 7 beef jerkies
 W - 15 fruits


   Skills:
 * Level 11.7 Fighting
 * Level 11.2 Armour
 - Level 9.3 Dodging
 - Level 2.4 Stealth
 + Level 15.2 Spellcasting
 - Level 12.1 Conjurations
 - Level 9.6 Charms
 - Level 6.0 Fire Magic
 + Level 2.6 Air Magic
 - Level 1.2 Earth Magic


You had 14 spell levels left.
You knew the following spells:

 Your Spells              Type           Power        Failure   Level  Hunger
a - Magic Dart            Conj           ####         1%          1    None
b - Searing Ray           Conj           ######       1%          2    None
c - Iskenderun's Battles  Conj/Chrm      ######..     1%          5    None
d - Iskenderun's Mystic   Conj           #######.     1%          4    None
e - Fulminant Prism       Conj/Hex       ######....   1%          4    None
f - Sting                 Conj/Pois      ####         1%          1    None
g - Bolt of Magma         Conj/Fire/Erth ######....   2%          5    None
h - Deflect Missiles      Chrm/Air       ######....   47%         6    ###....


Dungeon Overview and Level Annotations

Branches:
Dungeon (11/15)            Temple (0/1) D:5            Lair (6/6) D:9
  Swamp (0/4) Lair:3        Snake (0/4) Lair:4        Slime (0/5) Lair:6
    Orc (0/2) D:10

Altars:
Cheibriados
Dithmenos
Fedhas
Gozag
Makhleb
Okawaru
Qazlal
Trog
Uskayaw
Vehumet
Yredelemnul
Jiyva

Annotations:
D:5 baghtru's ghost, novice HOFi


Message History

The six-headed hydra bites you.
* * * LOW HITPOINT WARNING * * *
The six-headed hydra bites you.
* * * LOW HITPOINT WARNING * * *
Casting: Magic Dart
Confirm with . or Enter, or press ? or * to list all spells.
Aiming: Iskenderun's Mystic Blast
Press: ? - help, Shift-Dir - straight line, f - six-headed hydra
Aim: a six-headed hydra (heavily wounded)
The orb of energy hits the six-headed hydra.
The six-headed hydra is heavily wounded.
The orb of energy explodes!
Your battlesphere fires!
The barrage of energy hits the six-headed hydra.
The six-headed hydra is severely wounded.
Casting: Iskenderun's Mystic Blast
Confirm with . or Enter, or press ? or * to list all spells.
You don't have enough magic to cast that spell.
The six-headed hydra bites you!
You die...

########..............#.#.[.
#.##P.........#..≈.....#....
##..........#.....≈.≈.#...
##........P##≈.≈≈≈≈≈≈≈....
#.....#..####.≈≈≈≈≈≈≈≈≈...
########## ##.≈≈≈≈≈≈≈≈≈...
#.≈≈≈≈..≈≈≈≈...
##..≈≈≈..≈≈≈≈....
##..@≈≈≈≈.≈≈≈≈.....
#.#..D≈≈*≈≈≈≈≈....♣
##...≈≈≈≈≈≈≈≈.....♣
##...≈≈≈≈≈≈......♣♣
#.#.....≈.........♣
##.##.##.≈........♣
#######..........♣
#.........♣ ###........♣♣


You could see a six-headed hydra and a friendly battlesphere.

Vanquished Creatures
  Rupert (Lair:6)
  Gastronok (D:9)
  A dire elephant (Lair:6)
  Snorg (Lair:6)
  3 hydras
  The ghost of letownia the Thaumaturge, a journeyman OpWz of Gozag (D:10)
  5 death yaks (Lair:5)
  A lindwurm (Lair:6)
  An oklob plant (Lair:5)
  A black mamba (Lair:1)
  9 spiny frogs
  3 rime drakes
  7 komodo dragons
  A freezing wraith (D:11)
  A queen bee (Lair:3)
  4 two-headed ogres
  3 trolls (D:10)
  A hornet (D:10)
  Prince Ribbit (D:7)
  10 blink frogs
  12 hippogriffs
  The ghost of Naow the Conjurer, an amateur DECj (D:3)
  A vampire (D:10)
  24 yaks
  4 wyverns
  4 hogs (D:7)
  A human (D:7)
  2 basilisks
  A soldier ant (D:11)
  17 water moccasins
  9 porcupines
  3 ice beasts
  A swamp drake (D:10)
  3 sky beasts
  12 orc warriors
  A phantom (D:7)
  A black bear (D:9)
  A necrophage (D:10)
  An eye of draining (D:9)
  11 ogres
  11 wolves
  10 centaurs
  13 crocodiles
  4 big kobolds
  15 bullfrogs
  A wyvern skeleton (D:10)
  A water moccasin skeleton (D:5)
  2 scorpions
  27 killer bees
  A vampire bat (D:4)
  18 wights
  A howler monkey (D:4)
  A bullfrog zombie (D:11)
  2 crimson imps
  6 hounds
  A quasit (D:10)
  2 bullfrog skeletons
  A jelly (D:7)
  7 orc priests
  Jessica (D:2)
  Terence (D:2)
  11 orc wizards
  11 worker ants
  6 iguanas
  A hound skeleton (D:9)
  A howler monkey zombie (D:6)
  A worker ant zombie (D:10)
  2 howler monkey skeletons
  13 gnolls
  14 adders
  3 oozes
  An adder skeleton (D:6)
  3 adder zombies
  2 worms
  3 dart slugs
  3 fire bats (D:4)
  6 leopard geckos
  64 orcs
  2 spectral bats (D:4)
  15 bats
  3 bat skeletons (D:4)
  A bat zombie (D:4)
  5 giant cockroaches
  9 goblins
  8 hobgoblins
  7 jackals
  A quokka (D:2)
  A ball python (D:1)
  A bat simulacrum (D:4)
  3 frilled lizards
  28 kobolds
  A quokka skeleton (D:7)
  5 rats
527 creatures vanquished.

Vanquished Creatures (collateral kills)
  A water moccasin (Lair:6)
  A bullfrog (Lair:6)
  A fungus (Lair:6)
3 creatures vanquished.

Vanquished Creatures (others)
  23 fulminant prisms
  6 fungi
29 creatures vanquished.

Grand Total: 559 creatures vanquished

Notes
Turn   | Place    | Note
-------+----------+-------------------------------------------
     0 | D:1      | Naow the Deep Elf Conjurer began the quest for the Orb.
     0 | D:1      | Reached XP level 1. HP: 10/10 MP: 6/6
   200 | D:1      | Reached XP level 2. HP: 15/15 MP: 4/8
   360 | D:1      | Reached skill level 5 in Conjurations
   809 | D:1      | Reached XP level 3. HP: 19/19 MP: 6/9
   943 | D:1      | Learned a level 2 spell: Searing Ray
  1214 | D:2      | Noticed Terence
  1223 | D:2      | Killed Terence
  1384 | D:2      | Reached XP level 4. HP: 24/24 MP: 8/11
  1437 | D:2      | Reached skill level 4 in Spellcasting
  1529 | D:2      | Found a radiant altar of Vehumet.
  1541 | D:2      | Became a worshipper of Vehumet
  1627 | D:2      | Found a bloodstained altar of Trog.
  1782 | D:2      | Noticed Jessica
  1788 | D:2      | Killed Jessica
  1788 | D:2      | Reached XP level 5. HP: 15/28 MP: 8/13
  1794 | D:2      | Identified Jessica's Papyrus of Execration
  1802 | D:2      | Learned a level 5 spell: Iskenderun's Battlesphere
  1807 | D:2      | Learned a level 4 spell: Iskenderun's Mystic Blast
  2412 | D:3      | Reached skill level 5 in Spellcasting
  2528 | D:3      | Noticed Naow's ghost (amateur DECj)
  2561 | D:3      | Reached * piety under Vehumet
  2561 | D:3      | Offered knowledge of Sting by Vehumet.
  2595 | D:3      | Found an iron altar of Okawaru.
  2946 | D:3      | Found a hide-covered altar of Uskayaw.
  3000 | D:3      | Killed Naow's ghost
  3000 | D:3      | Reached skill level 1 in Charms
  3502 | D:4      | Reached XP level 6. HP: 32/32 MP: 13/15
  3588 | D:4      | Got a polished chain mail
  3599 | D:4      | Identified the +5 chain mail "Nur Biss" {+Inv} (You found it on level 4 of the Dungeon)
  4124 | D:4      | Reached skill level 6 in Spellcasting
  4129 | D:4      | Reached XP level 7. HP: 30/36 MP: 1/18
  4520 | D:4      | Learned a level 4 spell: Fulminant Prism
  4522 | D:4      | Learned a level 1 spell: Sting
  4535 | D:4      | Reached ** piety under Vehumet
  4574 | D:4      | Offered knowledge of Throw Frost by Vehumet.
  4910 | D:5      | Entered Level 5 of the Dungeon
  5072 | D:5      | Found a staircase to the Ecumenical Temple.
  5127 | D:5      | Noticed baghtru's ghost (novice HOFi)
  5414 | D:5      | Offered knowledge of Stone Arrow by Vehumet.
  5599 | D:5      | Reached skill level 5 in Dodging
  5602 | D:5      | Reached XP level 8. HP: 41/41 MP: 8/20
  5606 | D:5      | Reached skill level 7 in Spellcasting
  5689 | D:5      | Reached skill level 5 in Charms
  5974 | D:5      | Found a stormy altar of Qazlal.
  6042 | D:5      | Found a burning altar of Makhleb.
  6281 | D:5      | Found a shadowy altar of Dithmenos.
  6281 | D:5      | Found a snail-covered altar of Cheibriados.
  6283 | D:5      | Found a basalt altar of Yredelemnul.
  6289 | D:5      | Found a blossoming altar of Fedhas.
  6290 | D:5      | Found an opulent altar of Gozag.
  6897 | D:6      | Reached *** piety under Vehumet
  7142 | D:6      | Reached skill level 8 in Spellcasting
  7489 | D:6      | Reached XP level 9. HP: 25/45 MP: 15/23
  8198 | D:7      | Offered knowledge of Inner Flame by Vehumet.
  8292 | D:7      | Reached skill level 9 in Spellcasting
  8954 | D:7      | Noticed Prince Ribbit
  8961 | D:7      | Killed Prince Ribbit
  9426 | D:7      | Reached skill level 10 in Spellcasting
  9426 | D:7      | Reached XP level 10. HP: 17/50 MP: 0/26
  9700 | D:7      | Reached skill level 10 in Conjurations
  9767 | D:8      | Reached **** piety under Vehumet
  9920 | D:8      | Found a flagged portal.
  9930 | Bailey   | Entered a bailey
 10232 | Bailey   | Offered knowledge of Bolt of Magma by Vehumet.
 10239 | Bailey   | Learned a level 5 spell: Bolt of Magma
 10540 | Bailey   | Reached skill level 1 in Fire Magic
 11763 | D:8      | Reached skill level 11 in Spellcasting
 11767 | D:8      | Reached skill level 1 in Armour
 12016 | D:8      | Reached skill level 1 in Fighting
 12052 | D:8      | You fall through a shaft for 2 floors!
 12052 | D:10     | Entered Level 10 of the Dungeon
 12804 | D:9      | Found a staircase to the Lair.
 12863 | D:9      | Reached ***** piety under Vehumet
 12863 | D:9      | Offered knowledge of Bolt of Fire by Vehumet.
 12994 | D:9      | Noticed Gastronok
 13179 | D:10     | Reached XP level 11. HP: 60/60 MP: 19/28
 13557 | D:10     | Noticed letownia's ghost (journeyman OpWz)
 13562 | D:10     | Killed letownia's ghost
 13952 | D:10     | Reached skill level 12 in Spellcasting
 14754 | D:9      | Killed Gastronok
 14754 | D:9      | Reached skill level 5 in Fighting
 14754 | D:9      | Reached skill level 5 in Armour
 15511 | D:10     | Found a staircase to the Orcish Mines.
 16179 | D:11     | Noticed a white ugly thing
 16747 | D:11     | Reached skill level 13 in Spellcasting
 16750 | D:11     | Reached XP level 12. HP: 61/71 MP: 5/31
 16881 | D:11     | Reached skill level 1 in Earth Magic
 17122 | Lair:1   | Entered Level 1 of the Lair of Beasts
 17258 | Lair:1   | Offered knowledge of Lee's Rapid Deconstruction by Vehumet.
 17707 | Lair:1   | Found a snail-covered altar of Cheibriados.
 18339 | Lair:2   | Found a labyrinth entrance.
 18343 | Lair:2   | Noticed a four-headed hydra
 19073 | Lair:2   | Killed a four-headed hydra
 20483 | Lair:3   | Reached skill level 5 in Fire Magic
 20606 | Lair:3   | Reached skill level 14 in Spellcasting
 21200 | Lair:3   | Found a staircase to the Swamp.
 21310 | Lair:3   | Noticed a four-headed hydra
 21314 | Lair:3   | Killed a four-headed hydra
 21752 | Lair:4   | Found a staircase to the Snake Pit.
 22207 | Lair:4   | Reached XP level 13. HP: 80/80 MP: 28/33
 22906 | Lair:5   | Reached skill level 10 in Fighting
 23049 | Lair:4   | Reached skill level 10 in Armour
 24156 | Lair:5   | Identified the Compendium of Boosts and the Birds
 24204 | Lair:5   | Learned a level 6 spell: Deflect Missiles
 24906 | Lair:6   | Entered Level 6 of the Lair of Beasts
 24912 | Lair:6   | Reached skill level 15 in Spellcasting
 24991 | Lair:6   | Reached skill level 1 in Air Magic
 25047 | Lair:6   | Found a viscous altar of Jiyva.
 25049 | Lair:6   | Found a staircase to the Slime Pits.
 25190 | Lair:6   | Noticed Rupert
 25200 | Lair:6   | Killed Rupert
 25319 | Lair:6   | Offered knowledge of Venom Bolt by Vehumet.
 25572 | Lair:6   | Noticed Snorg
 25585 | Lair:6   | Killed Snorg
 25755 | Lair:6   | Noticed a dire elephant
 25767 | Lair:6   | Killed a dire elephant
 25835 | Lair:6   | HP: 3/85 [six-headed hydra (6)]
 25849 | Lair:6   | Slain by a six-headed hydra

Skill      XL: |  1  2  3  4  5  6  7  8  9 10 11 12 13 |
---------------+----------------------------------------+-----
Conjurations   | 5 6 7 8 9 11 12 | 12.1
Spellcasting   | 4 5 6 8 10 11 13 14 15 | 15.2
Charms         | 1 2 4 7 9 |  9.6
Dodging        | 3 5 6 8 9 |  9.3
Fire Magic     | 2 6 |  6.0
Armour         | 3 6 9 11 | 11.2
Fighting       | 3 6 9 11 | 11.7
Earth Magic    | 1 |  1.2
Air Magic      | 2 |  2.6
Stealth        | |  2.4

Action                   |  1- 3 |  4- 6 |  7- 9 | 10-12 | 13-15 || total
-------------------------+-------+-------+-------+-------+-------++-------
Melee: Unarmed           |       |       |     2 |       |       ||     2
       Short sword       |       |       |       |    18 |    12 ||    30
 Cast: Magic Dart        |    63 |   125 |   223 |   471 |   148 ||  1030
       Searing Ray       |     2 |     7 |    41 |    40 |       ||    90
       Iskenderun's Myst |       |     1 |    16 |    91 |    37 ||   145
       Iskenderun's Batt |       |       |     4 |    73 |    37 ||   114
       Fulminant Prism   |       |       |     4 |    18 |       ||    22
       Sting             |       |       |       |    15 |       ||    15
       Bolt of Magma     |       |       |       |     5 |     5 ||    10
Evoke: Wand              |       |       |       |     1 |     1 ||     2
  Use: Scroll            |       |    12 |       |     8 |     2 ||    22
       Potion            |       |       |       |     4 |       ||     4
 Stab: Sleeping          |       |       |       |       |     2 ||     2
  Eat: Chunk             |     1 |     9 |    33 |    34 |    11 ||    88
Armor: Robe              |       |     6 |    24 |    15 |       ||    45
       Ring mail         |       |       |       |    26 |       ||    26
       Leather armour    |       |       |       |    60 |    24 ||    84
Dodge: Dodged            |     7 |    18 |    94 |   298 |    62 ||   479
Block: Other             |       |       |       |    24 |    16 ||    40
